 Seeded DCSS version 0.28.0-49-g6dfe1f597d (webtiles) character file.

Game seed: 523019199727972820 (custom seed)

4692 thiscave3701365 the Cleaver (level 10, -9/148 HPs)
             Began as a Minotaur Berserker on May 13, 2022.
             Was a Priest of Trog.
             Mangled by a 12-headed hydra (12 damage)
             ... on level 9 of the Dungeon.
             The game lasted 00:12:47 (13662 turns).

thiscave3701365 the Cleaver (Minotaur Berserker)   Turns: 13662, Time: 00:12:47

Health: -9/148     AC: 18    Str: 27    XL:     10   Next: 21%
Magic:  9/9        EV:  1    Int:  4    God:    Trog [***...]
Gold:   112        SH:  9    Dex:  9    Spells: 9/9 levels left

rFire   . . .      SeeInvis .   a - +0 broad axe
rCold   . . .      Faith    .   i - +0 tower shield
rNeg    . . .      Spirit   .   D - +0 crystal plate armour
rPois   .          Reflect  .   (helmet restricted)
rElec   .          Harm     .   (no cloak)
rCorr   .          Rampage  .   (no gloves)
Will    .....                   (no boots)
Stlth   ..........              A - amulet of regeneration
HPRegen 1.14/turn               (no ring)
MPRegen 0.11/turn               (no ring)

@: berserking, studying Fighting, very quick
A: horns 2, retaliatory headbutt
a: Renounce Religion, Berserk, Trog's Hand


You were on level 9 of the Dungeon.
You worshipped Trog.
Trog was most pleased with you.
You visited 1 branch of the dungeon, and saw 9 of its levels.

You collected 472 gold pieces.
You spent 360 gold pieces at shops.

Inventory:

Hand Weapons
 a - a +0 broad axe (weapon)
Missiles
 k - 2 throwing nets
Armour
 i - a +0 tower shield (worn)
 D - a +0 crystal plate armour (worn)
Jewellery
 s - an amulet of guardian spirit
 A - an amulet of regeneration (around neck)
Wands
 b - a wand of paralysis (9)
 t - a wand of polymorph (2)
 B - a wand of flame (23)
Scrolls
 c - a scroll of fog
 e - 3 scrolls of teleportation
 n - 2 scrolls of blinking
 o - a scroll of vulnerability
 w - 2 scrolls of summoning
Potions
 d - 2 potions of curing
 f - 2 potions of berserk rage
 g - a potion of resistance
 j - a potion of cancellation {unknown}
 p - 3 potions of invisibility
 q - a potion of might
 u - a potion of heal wounds
 x - a potion of lignification
 z - a potion of mutation
Miscellaneous
 h - a lightning rod (4/4)


   Skills:
 - Level 12.5 Fighting
 - Level 13.9 Axes
 + Level 7.7 Armour
 - Level 3.0 Dodging


You had 9 spell levels left.
You didn't know any spells.
Your spell library was empty.

Dungeon Overview and Level Annotations

Branches:
Dungeon (9/15)             Temple (0/1) D:4
   Lair: D:8-11         Orc: D:9-12

Altars:
Ashenzari
Nemelex Xobeh

Shops:
D:7 *


Innate Abilities, Weirdness & Mutations

You have a pair of horns on your head.
You reflexively headbutt those who attack you in melee.


Message History

Your headbutt misses the 11-headed hydra.
The 11-headed hydra is severely wounded.
The 11-headed hydra bites you but does no damage. x2
The 11-headed hydra bites you! You block the 11-headed hydra's attack.
The 11-headed hydra bites you.
* * * LOW HITPOINT WARNING * * *
The 11-headed hydra bites you but does no damage.
The 11-headed hydra bites you.
* * * LOW HITPOINT WARNING * * *
You block the 11-headed hydra's attack.
The 11-headed hydra completely misses you.
The 11-headed hydra bites you.
* * * LOW HITPOINT WARNING * * *
The 11-headed hydra bites you!
* * * LOW HITPOINT WARNING * * *
You completely miss the 11-headed hydra.
The 11-headed hydra is severely wounded.
The 11-headed hydra bites you.
* * * LOW HITPOINT WARNING * * *
You block the 11-headed hydra's attack. The 11-headed hydra bites you.
* * * LOW HITPOINT WARNING * * *
The 11-headed hydra bites you but does no damage.
The 11-headed hydra bites you.
* * * LOW HITPOINT WARNING * * *
The 11-headed hydra bites you but does no damage.
You block the 11-headed hydra's attack.
The 11-headed hydra bites you but does no damage. x2
The 11-headed hydra bites you!
* * * LOW HITPOINT WARNING * * *
The 11-headed hydra bites you but does no damage.
You are too berserk!
You chop one of the 11-headed hydra's heads off!
The ten-headed hydra grows two more!
You slice the 12-headed hydra!! You headbutt the 12-headed hydra!
The 12-headed hydra is almost dead.
You block the 12-headed hydra's attack. The 12-headed hydra bites you.
* * * LOW HITPOINT WARNING * * *
The 12-headed hydra bites you but does no damage.
The 12-headed hydra bites you!
You die...

#....#
#....#..#
#....#..#
#....#..##
#..#.#...#
#..#.#...#
#..#.#...#
#..#[#...#
#..#.@D..#
#....#####
#....#
#....#
#....#
#....#
#....#
#.##.# #.
#.#


You could see a 12-headed hydra.

Vanquished Creatures
  A two-headed ogre (D:8)
  Grinder (D:5)
  The ghost of khangoldenlief the Chopper, an amateur DrBe of Trog (D:3)
  A steam dragon (D:6)
  Menkaure (D:5)
  An acid dragon (D:9)
  3 orc warriors
  A black bear (D:8)
  A sky beast (D:7)
  A necrophage (D:6)
  4 ogres
  3 centaurs
  A phantom (D:4)
  2 kobold brigands
  A bullfrog (D:7)
  A wyvern zombie (D:6)
  4 scorpions
  A wyvern skeleton (D:6)
  5 killer bees (D:9)
  9 wights
  A howler monkey (D:4)
  A centaur zombie (D:6)
  5 orc priests
  2 gnoll shamans
  A jelly (D:6)
  3 hounds
  5 iguanas
  9 orc wizards
  Ijyb (D:4)
  A hound zombie (D:5)
  A hound skeleton (D:4)
  6 gnolls
  A howler monkey zombie (D:9)
  8 adders
  A hound simulacrum (D:3)
  A white imp (D:7)
  An ufetubus (D:5)
  An adder skeleton (D:4)
  3 worms
  A dart slug (D:4)
  An adder simulacrum (D:3)
  23 orcs
  12 endoplasms
  3 giant cockroaches
  4 goblins
  5 hobgoblins
  6 quokkas
  8 ball pythons
  A ball python simulacrum (D:3)
  6 bats
  A frilled lizard (D:1)
  15 kobolds
  8 rats
189 creatures vanquished.

Vanquished Creatures (others)
  21 plants (D:5)
21 creatures vanquished.

Grand Total: 210 creatures vanquished

Notes
Turn   | Place    | Note
-------+----------+-------------------------------------------
     0 | D:1      | thiscave3701365 the Minotaur Berserker began the quest for
                  | the Orb.
     0 | D:1      | Reached XP level 1. HP: 19/19 MP: 0/0
   374 | D:1      | Reached XP level 2. HP: 27/27 MP: 1/1
   568 | D:1      | Reached skill level 4 in Axes
   797 | D:1      | Found a faded altar of an unknown god.
  1262 | D:2      | Reached XP level 3. HP: 18/33 MP: 2/2
  1664 | D:2      | Reached ** piety under Trog
  2048 | D:2      | Found a broken altar of Ashenzari.
  2550 | D:3      | Reached XP level 4. HP: 40/40 MP: 3/3
  2786 | D:3      | Found a runed translucent gate.
  2803 | D:3      | Found a runed translucent gate.
  2803 | D:3      | Found a runed translucent gate.
  2837 | D:3      | Noticed khangoldenlief's ghost (amateur DrBe)
  3533 | D:3      | Killed khangoldenlief's ghost
  3534 | D:3      | Reached skill level 6 in Axes
  3534 | D:3      | Reached XP level 5. HP: 45/47 MP: 4/4
  3955 | D:4      | Reached skill level 7 in Axes
  3955 | D:4      | Reached XP level 6. HP: 53/53 MP: 5/5
  4024 | D:4      | Noticed Ijyb
  4044 | D:4      | Killed Ijyb
  4075 | D:4      | Reached skill level 8 in Axes
  5050 | D:4      | Found a staircase to the Ecumenical Temple.
  5114 | D:4      | Reached XP level 7. HP: 60/60 MP: 6/6
  5486 | D:4      | Reached skill level 9 in Axes
  6309 | D:5      | Entered Level 5 of the Dungeon
  6324 | D:5      | Reached skill level 10 in Axes
  6434 | D:5      | Noticed Menkaure
  8129 | D:5      | Killed Menkaure
  8131 | D:5      | Reached XP level 8. HP: 47/67 MP: 7/7
  8684 | D:5      | Reached skill level 11 in Axes
  9065 | D:5      | Noticed Grinder
  9074 | D:5      | Killed Grinder
  9075 | D:5      | Reached skill level 12 in Axes
  9702 | D:6      | Reached skill level 13 in Axes
 10916 | D:6      | Reached XP level 9. HP: 72/72 MP: 8/8
 11033 | D:6      | Identified a scroll of acquirement
 11039 | D:6      | Acquired a manual of Fighting
 11356 | D:7      | Reached skill level 5 in Fighting
 11471 | D:7      | Reached *** piety under Trog
 11700 | D:7      | Found a sparkling altar of Nemelex Xobeh.
 12009 | D:7      | Found Poej's Elemental Accessories.
 12015 | D:7      | Bought a lightning rod (4/4) for 360 gold pieces
 12121 | D:8      | Noticed a two-headed ogre
 12131 | D:8      | Killed a two-headed ogre
 12132 | D:8      | Reached skill level 5 in Armour
 12705 | D:8      | Reached XP level 10. HP: 97/97 MP: 9/9
 13653 | D:9      | Noticed a seven-headed hydra
 13661 | D:9      | HP: 5/148 [11-headed hydra (8)]
 13662 | D:9      | Mangled by a 12-headed hydra

Illustrated notes

Levels and vault maps discovered:
D:1:      minmay_arrival_floating_metal, layout_loops_corners,
          shapermc_ecumenical_altar_notcrosses, minivault_11
D:2:      layout_basic, basic_altar
D:3:      layout_basic, gammafunk_ghost_icy
D:4:      minmay_chambers_of_twos, layout_loops_cross,
          minmay_temple_entry_fiery, minmay_fractal_squares_5, uniq_ijyb
D:5:      layout_rooms, serial_bayou_lagoon_a, uniq_grinder, uniq_menkaure
D:6:      layout_loops_ring, grunt_decor_fettered, kennysheep_small_circle
D:7:      layout_loops_ring, mainiacjoe_overflow_small_starburst,
          nicolae_elemental_shop
D:8:      layout_rooms
D:9:      layout_stronghold, ebering_ghost_reflecting_pool

Skill      XL: |  1  2  3  4  5  6  7  8  9 10 |
---------------+-------------------------------+-----
Fighting       | 4 12 | 12.5
Axes           | 4 6 7 8 10 13 | 13.9
Armour         | 3 5 7 |  7.7
Dodging        | 3 |  3.0

Action                   |  1- 3 |  4- 6 |  7- 9 | 10-12 || total
-------------------------+-------+-------+-------+-------++-------
Melee: Hand axe          |    93 |    85 |   353 |     9 ||   540
       Headbutt          |    10 |    15 |    81 |     3 ||   109
       Unarmed           |       |    14 |       |       ||    14
       Punch             |       |       |     1 |       ||     1
       Broad axe         |       |       |       |    23 ||    23
       War axe           |       |       |       |    15 ||    15
Invok: Berserk           |     1 |     8 |    10 |     4 ||    23
  Use: Scroll            |       |       |    15 |     1 ||    16
 Stab: Sleeping          |     1 |       |       |       ||     1
Armor: Animal skin       |    24 |    16 |     3 |       ||    43
       Chain mail        |       |       |    39 |       ||    39
       Crystal plate arm |       |       |   105 |    66 ||   171
Dodge: Dodged            |    56 |    53 |    69 |     5 ||   183
Block: Tower shield      |       |       |    61 |    37 ||    98
